Map: Overgrown Facility

Players

Noodles

  • Race: Zerg Zerg
  • League: Diamond
  • Spawn Location: 3:00

Horse

  • Race: Zerg Zerg
  • League: Platinum
  • Spawn Location: 1:00

Throwfordays - Winner!

  • Race: Protoss Protoss
  • League: Silver
  • Spawn Location: 9:00

Faust - Winner!

  • Race: Zerg Zerg
  • League: Diamond
  • Spawn Location: 7:00

VOD

Have the link to the VOD?

Description

Time

  • Played on: April 29, 2019, 11:11 p.m.
  • Length: 19:31
Show
View Real Time Build Order
Export as new Build Order

Noodles Zerg 

Build Orders: Pool First, Brood Lord Corruptor 

Get SALT Encoding   

  12  0:01  Drone  
  13  0:08  Drone  
  14  0:20  Extractor  
  13  0:21  Extractor  
  13  0:22  Drone x2  
  16  0:31  Overlord  
  16  0:36  Extractor  
  15  0:47  Spawning Pool  
  14  0:50  Drone  
  14  0:52  Drone  
  16  0:59  Drone  
  17  1:08  Drone  
  18  1:30  Drone  
  18  1:31  Drone  
  20  1:33  Queen  
  20  1:36  Metabolic Boost  
  22  1:43  Overlord  
  22  2:03  Zergling x4  
  22  2:05  Hatchery  
  23  2:19  Zergling x2  
  24  2:26  Baneling Nest  
  23  2:47  Queen  
  25  2:54  Drone  
  25  2:55  Drone  
  25  2:56  Hatchery  
  26  3:05  Overlord  
  26  3:07  Drone x2  
  28  3:20  Drone x3  
  30  3:37  Baneling  
  29  3:53  Drone x6  
  29  3:54  Drone x3  
  37  4:06  Lair  
  37  4:09  Extractor  
  36  4:15  Drone  
  36  4:16  Drone  
  38  4:17  Roach Warren  
  37  4:30  Drone  
  37  4:31  Drone x7  
  45  4:43  Zergling x10  
  45  4:45  Overlord  
  50  4:50  Overlord  
  50  4:51  Overlord  
  50  5:18  Zergling x6  
  53  5:22  Drone  
  53  5:23  Drone x6  
  53  5:25  Queen  
  62  5:37  Baneling  
  62  5:38  Baneling x7  
  62  5:39  Baneling x2  
  62  5:43  Spire  
  62  5:44  Extractor, Drone  
  62  5:45  Drone x7  
  62  5:46  Extractor  
  62  5:48  Baneling x5  
  67  5:51  Extractor  
  67  5:52  Extractor  
  65  5:57  Drone x5  
  65  5:58  Drone  
  65  6:01  Queen  
  68  6:46  Roach  
  68  6:47  Roach x2  
  72  6:48  Overlord x4  
  72  6:49  Overlord  
  74  7:12  Mutalisk x7  
  74  7:15  Zergling x12  
  94  7:30  Evolution Chamber  
  93  7:39  Mutalisk  
  93  7:40  Mutalisk x3  
  93  7:42  Drone  
  93  7:43  Drone x10  
  112  7:47  Baneling x3  
  112  7:48  Baneling  
  112  7:54  Hatchery  
  112  7:57  Zerg Flyer Weapons Level 1  
  111  7:58  Overlord  
  111  7:59  Overlord x2  
  111  8:09  Hatchery  
  110  8:26  Spore Crawler  
  107  8:27  Spore Crawler  
  107  8:29  Spore Crawler  
  105  8:35  Hydralisk Den  
  105  8:36  Infestation Pit  
  105  8:38  Mutalisk  
  105  8:39  Roach  
  105  8:40  Roach x12  
  131  9:05  Grooved Spines  
  131  9:15  Drone x11  
  131  9:16  Overlord x2  
  142  9:20  Extractor  
  142  9:21  Extractor  
  140  9:48  Spore Crawler  
  140  9:50  Spore Crawler  
  140  9:51  Spore Crawler, Extractor  
  140  9:52  Extractor  
  135  9:53  Mutalisk x11  
  156  10:27  Hive  
  156  10:47  Overlord x5  
  156  10:48  Overlord x2  
  154  11:11  Queen, Spore Crawler  
  155  11:29  Overlord x4  
  147  11:53  Greater Spire  
  147  11:57  Corruptor x10  
  147  11:58  Corruptor x3  
  147  11:59  Corruptor x3  
  179  12:11  Spore Crawler x2  
  179  12:14  Spore Crawler  
  128  12:43  Corruptor x4  
  128  12:44  Corruptor x3  
  142  13:04  Brood Lord  
  142  13:05  Brood Lord x7  
  158  13:06  Brood Lord  
  160  13:14  Zerg Melee Weapons Level 1  
  160  13:17  Drone x3  
  160  13:18  Drone x4  
  163  14:03  Corruptor x2, Overlord x2  
  163  14:04  Corruptor x3  
  163  14:05  Corruptor x6  
  123  14:37  Corruptor x4  
  123  14:38  Corruptor x3  
  114  15:10  Corruptor x7  
  94  15:52  Corruptor x5  
  23  18:22  Hatchery  
  22  18:34  Hatchery  
Show
View Real Time Build Order
Export as new Build Order

Horse Zerg 

Build Orders: Hatch First, Roach Hydra 

Get SALT Encoding   

  12  0:01  Drone  
  13  0:09  Drone  
  14  0:26  Overlord  
  14  0:46  Hatchery  
  13  0:52  Drone x2  
  13  0:54  Drone  
  16  1:04  Drone  
  17  1:17  Spawning Pool  
  16  1:20  Extractor  
  16  1:22  Drone  
  16  1:27  Drone  
  17  1:35  Drone  
  18  1:46  Overlord  
  18  2:04  Queen  
  18  2:05  Queen  
  18  2:07  Drone x2  
  24  2:13  Zergling x2  
  24  2:14  Zergling x2  
  26  2:21  Metabolic Boost  
  26  2:23  Zergling x2  
  26  2:28  Overlord  
  27  2:41  Queen  
  29  2:45  Drone x3  
  29  2:49  Drone  
  33  2:52  Drone  
  34  3:08  Drone x3  
  37  3:14  Roach Warren  
  35  3:42  Extractor  
  32  3:53  Extractor  
  32  3:54  Extractor  
  31  3:55  Drone x2  
  31  3:56  Drone  
  31  3:57  Drone x3  
  31  3:58  Drone  
  31  3:59  Drone x7  
  44  4:03  Spore Crawler  
  43  4:12  Evolution Chamber  
  43  4:14  Evolution Chamber  
  43  4:15  Overlord  
  41  4:21  Lair  
  41  4:23  Drone x3  
  44  4:24  Overlord  
  44  4:34  Burrow  
  44  4:38  Zerg Missile Weapons Level 1  
  44  4:40  Zerg Ground Armor Level 1  
  44  4:46  Zergling x6  
  47  4:59  Zergling x8  
  52  5:00  Zergling x6  
  44  5:22  Queen  
  44  5:27  Drone x6  
  44  5:28  Drone x2  
  54  5:44  Hydralisk Den  
  54  5:45  Drone x2  
  54  5:46  Glial Reconstitution  
  55  6:12  Drone  
  55  6:13  Drone x2  
  55  6:14  Drone x2  
  60  6:28  Extractor  
  60  6:29  Hatchery  
  60  6:30  Extractor  
  60  6:31  Overlord  
  60  6:32  Overlord x3  
  57  6:39  Roach  
  59  6:57  Roach  
  59  6:58  Roach x6  
  59  7:00  Zerg Missile Weapons Level 2  
  73  7:01  Zerg Ground Armor Level 2  
  73  7:03  Grooved Spines  
  73  7:04  Tunneling Claws  
  73  7:07  Hydralisk x3  
  73  7:08  Hydralisk x2  
  81  7:09  Hydralisk  
  85  7:29  Hydralisk x3  
  89  7:34  Overlord x2  
  89  7:35  Overlord  
  91  8:01  Hydralisk x2  
  91  8:02  Hydralisk x6  
  107  8:11  Infestation Pit  
  107  8:12  Drone  
  107  8:13  Drone x6  
  107  8:14  Muscular Augments  
  107  8:16  Drone  
  114  8:32  Spore Crawler, Drone  
  114  8:34  Overlord x4  
  114  8:46  Spore Crawler  
  113  8:51  Drone  
  113  8:53  Drone  
  113  8:54  Drone x4  
  113  8:55  Drone x3  
  120  8:56  Drone x2  
  124  9:05  Drone x3  
  127  9:21  Hive  
  127  9:24  Roach x9  
  129  9:27  Ravager  
  129  9:29  Overlord  
  146  9:54  Overlord x3  
  146  9:55  Overlord x5  
  146  10:19  Roach x11  
  168  10:32  Zerg Missile Weapons Level 3  
  168  10:33  Zerg Ground Armor Level 3  
  168  10:41  Drone x3  
  171  11:10  Drone x2  
  173  11:16  Extractor  
  173  11:17  Extractor  
  171  11:18  Hydralisk  
  171  11:19  Hydralisk x10  
  193  11:30  Hatchery  
  192  11:33  Drone x3  
  192  11:35  Overseer  
  192  11:37  Overseer  
  192  11:38  Overseer  
  195  11:50  Roach  
  195  11:51  Roach  
  199  11:57  Drone  
  200  12:39  Overseer  
  200  12:45  Overseer  
  200  13:19  Zerg Melee Weapons Level 1  
  200  13:20  Adrenal Glands  
  200  13:23  Ultralisk Cavern  
  182  13:57  Roach x12  
  182  13:58  Roach x5  
  137  14:11  Roach  
  137  14:12  Roach x19  
  149  14:26  Roach  
  149  14:27  Roach x9  
  169  14:37  Chitinous Plating  
  169  14:47  Hatchery, Roach x6  
  169  14:48  Roach  
  169  14:49  Overlord  
  169  14:50  Overlord x3  
  182  15:13  Roach  
  186  15:14  Roach x7  
  183  15:45  Roach x2  
  183  15:46  Roach x14  
  183  15:47  Roach x2  
  181  15:56  Anabolic Synthesis  
  153  16:00  Roach  
  153  16:01  Roach x8  
  171  16:09  Zerg Melee Weapons Level 2  
  169  16:15  Roach x3  
  169  16:16  Roach x3  
  149  16:35  Roach x15  
  149  16:36  Roach  
  171  16:46  Roach  
  169  16:47  Roach x4  
  169  17:00  Queen  
  145  17:04  Roach x9  
  145  17:05  Roach  
  141  17:20  Hydralisk x6  
  141  17:21  Hydralisk x2  
  157  17:40  Hydralisk x14  
  157  17:41  Hydralisk  
  187  17:51  Hydralisk x5  
  187  17:52  Hydralisk  
  199  18:10  Hydralisk x2  
  193  18:23  Hydralisk  
  193  18:24  Hydralisk x3  
  196  18:44  Roach x3  
  196  18:45  Roach  
  154  19:06  Roach x11  
  154  19:07  Roach x13  
Show
View Real Time Build Order
Export as new Build Order

Throwfordays Protoss - Winner!

Build Orders:  

Get SALT Encoding   

  12  0:00  Probe  
  13  0:13  Pylon  
  13  0:18  Probe  
  14  0:31  Probe  
  15  0:40  Gateway  
  15  0:43  Probe  
  15  0:48  Assimilator  
  16  0:56  Probe  
  17  1:06  Probe  
  18  1:14  Probe  
  19  1:22  Probe  
  19  1:27  Cybernetics Core  
  20  1:34  Probe  
  22  1:54  Nexus  
  21  1:56  Pylon  
  21  2:00  Probe  
  22  2:10  Robotics Facility  
  22  2:13  Warp Gate  
  22  2:19  Assimilator  
  22  2:22  Probe  
  23  2:34  Probe  
  24  2:42  Adept  
  26  2:47  Gateway  
  25  3:04  Pylon  
  25  3:05  Immortal  
  25  3:10  Probe  
  30  3:20  Adept  
  31  3:34  Adept  
  32  3:40  Immortal  
  38  3:50  Probe  
  38  3:55  Probe  
  40  3:58  Probe  
  41  4:07  Probe  
  42  4:17  Probe  
  42  4:19  Probe  
  44  4:27  Immortal  
  44  4:29  Probe  
  49  4:32  Probe  
  50  4:40  Probe  
  50  4:41  Probe  
  52  4:49  Adept  
  54  4:55  Pylon  
  54  5:06  Pylon  
  54  5:07  Pylon  
  54  5:12  Pylon  
  54  5:13  Probe  
  54  5:14  Probe  
  56  5:23  Immortal  
  56  5:26  Probe x2  
  62  5:31  Pylon  
  62  5:38  Probe  
  62  5:40  Stalker x2  
  67  5:52  Forge  
  67  6:04  Forge  
  67  6:05  Twilight Council  
  67  6:06  Immortal  
  67  6:08  Adept  
  73  6:33  Shield Battery  
  73  6:36  Shield Battery  
  73  6:48  Stargate, Resonating Glaives  
  73  6:50  Nexus  
  73  6:57  Robotics Facility  
  73  7:01  Assimilator, Robotics Bay, Probe  
  74  7:06  Assimilator  
  74  7:13  Probe  
  74  7:14  Protoss Ground Weapons Level 1, Protoss Ground Armor Level 1  
  75  7:25  Probe  
  76  7:34  Pylon  
  76  7:35  Probe  
  77  7:37  Probe  
  77  7:38  Pylon  
  77  7:41  Pylon, Robotics Facility  
  77  7:44  Pylon, Phoenix  
  80  7:48  Probe  
  80  7:49  Probe  
  82  8:03  Probe  
  82  8:05  Probe  
  84  8:09  Probe  
  85  8:15  Probe  
  85  8:17  Probe  
  87  8:21  Probe  
  87  8:24  Stargate  
  88  8:27  Probe  
  88  8:28  Stargate  
  88  8:29  Probe  
  88  8:34  Probe  
  91  8:37  Probe  
  91  8:38  Protoss Air Weapons Level 1  
  91  8:39  Probe  
  93  8:43  Assimilator  
  93  8:45  Probe  
  93  8:46  Probe  
  93  8:48  Assimilator  
  94  8:50  Pylon  
  94  8:52  Probe  
  96  8:55  Probe  
  96  8:58  Probe  
  98  9:07  Probe  
  99  9:19  Assimilator  
  99  9:20  Probe  
  99  9:21  Nexus  
  100  9:24  Assimilator  
  100  9:28  Pylon  
  100  9:29  Phoenix x3  
  100  9:30  Protoss Shields Level 1  
  106  9:32  Probe  
  107  9:39  Cybernetics Core  
  107  9:44  Probe  
  108  9:48  Colossus x3  
  126  9:56  Probe  
  127  10:00  Probe  
  128  10:08  Probe  
  129  10:14  Pylon  
  129  10:15  Nexus  
  129  10:19  Assimilator, Phoenix x3  
  135  10:24  Assimilator, Pylon  
  135  10:25  Pylon  
  135  10:27  Pylon  
  135  10:29  Pylon  
  135  10:43  Fleet Beacon  
  135  10:44  Protoss Air Armor Level 1  
  135  10:49  Colossus  
  135  10:51  Phoenix  
  135  10:53  Phoenix  
  135  10:57  Phoenix  
  147  11:12  Probe  
  147  11:16  Probe  
  149  11:19  Probe  
  149  11:24  Probe  
  149  11:25  Phoenix x3  
  155  11:28  Anion Pulse-Crystals, Probe  
  155  11:31  Probe  
  159  11:36  Protoss Shields Level 2, Probe  
  159  11:37  Protoss Ground Weapons Level 2  
  160  11:40  Probe  
  160  11:43  Probe  
  162  11:47  Protoss Air Weapons Level 2  
  162  11:48  Probe  
  163  12:00  Probe  
  164  12:05  Phoenix x3  
  168  12:42  Colossus x3  
  168  12:44  Extended Thermal Lance  
  186  12:45  Phoenix x3  
  192  13:09  Protoss Air Armor Level 2  
  172  15:16  Immortal x3  
  128  15:58  Protoss Ground Weapons Level 3, Protoss Ground Armor Level 2  
  128  16:03  Stalker x2  
  132  16:06  Immortal x3  
  132  16:10  Void Ray x2  
  132  16:11  Void Ray  
  140  16:43  Stalker x2  
  140  16:46  Immortal x3  
  156  16:53  Void Ray x3  
  164  17:18  Stalker x2  
  168  17:25  Immortal x3  
  180  17:36  Void Ray x3  
  192  17:57  Stalker x2  
  196  18:19  Void Ray  
Show
View Real Time Build Order
Export as new Build Order

Faust Zerg - Winner!

Build Orders: Hatch First, Brood Lord Corruptor 

Get SALT Encoding   

  12  0:01  Drone  
  13  0:10  Drone  
  14  0:16  Extractor  
  14  0:17  Drone  
  15  0:23  Overlord  
  15  0:41  Drone x2  
  17  0:57  Drone  
  17  1:01  Extractor  
  17  1:02  Drone  
  18  1:08  Hatchery  
  17  1:12  Drone  
  18  1:21  Spawning Pool  
  17  1:25  Drone  
  17  1:30  Drone  
  19  1:38  Overlord  
  19  2:08  Metabolic Boost  
  19  2:09  Queen  
  19  2:12  Zergling x4  
  23  2:17  Drone  
  23  2:19  Queen  
  23  2:22  Overlord  
  26  2:32  Drone x2  
  28  2:48  Baneling Nest  
  28  2:50  Overlord  
  27  3:06  Drone  
  27  3:07  Drone x5  
  33  3:15  Lair  
  33  3:18  Drone  
  34  3:30  Zergling x6  
  30  3:44  Zergling x6  
  30  3:45  Zergling x2  
  32  3:53  Baneling  
  32  3:54  Baneling  
  32  3:55  Zergling x2, Baneling  
  31  3:56  Zergling x4  
  33  4:04  Spine Crawler  
  33  4:05  Drone  
  33  4:22  Drone x3  
  33  4:23  Drone x2  
  38  4:33  Baneling  
  38  4:34  Baneling  
  38  4:43  Queen  
  38  4:44  Drone x2  
  38  4:45  Drone x2  
  41  5:14  Zergling x6  
  41  5:17  Overlord  
  41  5:22  Baneling x2  
  41  5:31  Drone, Spire  
  41  5:34  Extractor, Drone  
  41  5:35  Drone x3  
  43  5:37  Drone x2  
  46  5:44  Hatchery  
  46  5:49  Zergling x8  
  49  5:54  Extractor  
  49  5:55  Extractor, Baneling x2  
  39  6:25  Drone x3  
  42  6:26  Drone x3  
  42  6:28  Drone  
  42  6:29  Drone x5  
  51  6:36  Overlord  
  51  6:44  Overlord x2  
  51  6:50  Spore Crawler  
  51  6:52  Spore Crawler  
  49  6:54  Zerg Flyer Weapons Level 1, Overlord x2  
  49  7:03  Queen  
  49  7:04  Drone x6  
  58  7:08  Drone x2  
  58  7:11  Extractor  
  58  7:26  Drone x3  
  58  7:27  Drone x4  
  58  7:28  Overlord  
  65  7:30  Overlord  
  65  7:38  Evolution Chamber  
  65  7:41  Infestation Pit  
  65  7:42  Drone x2  
  65  7:43  Drone  
  66  7:44  Drone  
  66  7:46  Extractor, Drone x2  
  66  7:48  Drone  
  66  7:49  Drone  
  70  7:53  Drone x2  
  72  8:12  Baneling  
  72  8:17  Mutalisk x9  
  90  8:21  Queen  
  90  8:22  Mutalisk  
  90  8:25  Spore Crawler  
  93  8:29  Spore Crawler, Drone x2  
  93  8:30  Drone  
  95  8:34  Mutalisk x2  
  95  8:37  Mutalisk  
  101  8:45  Mutalisk  
  103  8:50  Zerg Melee Weapons Level 1  
  103  9:11  Zergling x2  
  103  9:12  Zergling x4, Overlord  
  103  9:13  Overlord x6  
  106  9:32  Hatchery  
  99  9:51  Mutalisk  
  99  9:52  Mutalisk x3  
  103  9:53  Zergling x2  
  103  9:54  Zergling x26  
  103  9:58  Hive  
  119  10:00  Zerg Flyer Weapons Level 2  
  115  10:16  Drone x4  
  119  10:29  Drone x2  
  119  10:30  Drone x4  
  125  10:38  Overlord x3  
  125  10:40  Zergling x2  
  126  10:51  Hatchery  
  125  11:11  Corruptor x4  
  125  11:12  Corruptor x6  
  140  11:33  Corruptor x4  
  140  11:34  Corruptor x5  
  136  11:49  Corruptor x3  
  136  11:51  Drone x4  
  136  11:52  Drone x2  
  148  11:58  Spore Crawler  
  148  11:59  Spore Crawler  
  146  12:09  Extractor x2, Drone x3  
  146  12:11  Drone x3  
  146  12:12  Queen  
  134  12:31  Greater Spire  
  132  12:38  Zergling x2  
  132  12:39  Zergling x28  
  147  12:47  Queen  
  149  13:11  Baneling x3  
  149  13:12  Baneling  
  149  13:17  Baneling  
  149  13:18  Baneling x3  
  149  13:31  Corruptor x3  
  149  13:32  Corruptor x8  
  153  13:46  Brood Lord  
  153  13:47  Brood Lord x2  
  114  14:17  Overlord x2  
  114  14:18  Overlord x4  
  114  14:19  Overlord x2  
  114  14:35  Hatchery  
  114  14:37  Zergling x2  
  114  14:38  Zergling x8  
  116  14:55  Brood Lord  
  116  14:56  Brood Lord  
  116  14:58  Brood Lord  
  122  15:16  Adrenal Glands  
  122  15:20  Zerg Melee Weapons Level 2  
  111  15:50  Corruptor  
  111  15:51  Corruptor x6  
  123  16:09  Zergling x4  
  125  16:21  Zergling x2  
  125  16:24  Brood Lord x3  
  129  17:24  Drone x2  
  131  17:49  Hatchery  
  128  17:52  Extractor x2  
  114  18:26  Extractor, Hatchery  
  104  18:36  Drone x3  
  104  18:37  Drone x3  
  102  18:52  Brood Lord  
  102  18:53  Brood Lord x7  
Tags
 
Add a new tag
Caveats
  • Supply blocks, unpowered buildings, or Contaminate may cause inaccurate times.
  • Supply counts are checked every 10 seconds.